Workbook
Name ValidDepts: Ambulatorio!#REF!
Name ValidDepts: Assistencial!#REF!
Name ValidDepts: SADT!#REF!
Name ValidDepts: 'Urgência Emergência'!#REF!
Name ValidDepts: #REF!

Sheet Capa
A3: ORGANIZAÇÃO SOCIAL: | D3: INSTITUTO SANTE
A5: HOSPITAL: | D5: HOSPITAL REGIONAL TEREZINHA GAIO BASSO
B13: SUPERVISÃO E ACOMPANHAMENTO DA EXECUÇÃO DO CONTRATO DE GESTÃO nº 07/2023
A21: OUTUBRO
A29: MUNICÍPIO, 15 DE NOVEMBRO DE 2025.

Sheet Leitos
A1: Planilha - Atividade Assistencial Hospitalar - Mensal
A3: Hospital: | B3: HOSPITAL REGIONAL TEREZINHA GAIO BASSO
A4: Mês/Ano: | B4: 45931
A6: 1 Leitos
A7: Clinicas | B7: Leito Existente | C7: Leito Desativado | D7: Leito Bloqueado | E7: Leito Extra
A8: =Assistencial!A8 -> 1. Clínica Cirúrgica | B8: 35 | C8: 0 | D8: 0 | E8: 0
A9: =Assistencial!A9 -> 2. Clínica Médica | B9: 34 | C9: 0 | D9: 0 | E9: 0
A10: =Assistencial!A10 -> 3. Oncologia Clínica | B10: 0 | C10: 0 | D10: 0 | E10: 0
A11: =Assistencial!A11 -> 4. Oncologia Cirúrgica | B11: 0 | C11: 0 | D11: 0 | E11: 0
A12: =Assistencial!A12 -> 5. Clínica Gineco/Obstétrica | B12: 7 | C12: 0 | D12: 0 | E12: 0
A13: =Assistencial!A13 -> 6. Clínica Pediátrica | B13: 6 | C13: 0 | D13: 0 | E13: 0
A14: =Assistencial!A14 -> 7. UTI Adulto | B14: 10 | C14: 0 | D14: 0 | E14: 0
A15: Total | B15: =SUM(B8:B14) -> 92 | C15: =SUM(C8:C14) -> 0 | D15: =SUM(D8:D14) -> 0 | E15: =SUM(E8:E14) -> 0
A18: 2. Leitos CNES 6683134
A19: COMPLEMENTAR
A20: UTI ADULTO - TIPO II | C20: 10
A21: ESPEC - CIRURGICO
A22: BUCO MAXILO FACIAL | C22: 1
A23: CIRURGIA GERAL | C23: 17
A24: GINECOLOGIA | C24: 1
A25: NEFROLOGIA / UROLOGIA | C25: 2
A26: NEUROCIRURGIA | C26: 2
A27: OFTALMOLOGIA | C27: 1
A28: ORTOPEDIA / TRAUMATOLOGIA | C28: 10
A29: OTORRINOLARINGOLOGIA | C29: 1
A30: ESPEC - CLINICO
A31: CARDIOLOGIA | C31: 2
A32: CLINICA GERAL | C32: 20
A33: NEFRO / UROLOGIA | C33: 3
A34: NEUROLOGIA | C34: 2
A35: ONCOLOGIA | C35: 2
A36: PNEUMOLOGIA | C36: 5
A37: OBSTETRICO
A38: OBSTETRICIA CIRURGICA | C38: 5
A39: OBSTETRICIA CLINICA | C39: 2
A40: PEDIATRICO
A41: PEDIATRIA CLINICA | C41: 6
A42: TOTAL | C42: =SUM(C19:C41) -> 92
C43: =IF(C42+C15+D15+E15=B15,"ok","rever") -> ok

Sheet Urgência Emergência
A1: Planilha - Atividade Assistencial - Mensal
A3: Hospital: | B3: HOSPITAL REGIONAL TEREZINHA GAIO BASSO
A4: Mês/Ano: | B4: =Leitos!B4 -> 45931
A6: 1. ATENDIMENTO DE URGÊNCIA E EMERGÊNCIA
F7: Quantidade
A8: 1. Atendimento de Urgência e Emergência em Atenção Especializada | F8: 2513
A9: 2. Cirurgias de Urgência e Emergência | F9: ='Atividade Cirúrgica'!C15 -> 424
A10: Total | F10: =SUM(F8:F9) -> 2937
A11: *CG, PAG 39, 1.5.3. A EXECUTORA deverá enviar mensalmente até o 15º dia subsequente ao mês de produção, as seguintes informações: o quantitativo de atendimentos de Urgência/Emergência, escala de serviço médico e de enfermagem da EMG, escala de sobreaviso das especialidades, Relatório do Sistema de Gestão Hospitalar com o número de atendimentos conforme a Classificação de Risco.

Sheet Assistencial
A1: Planilha - Atividade Assistencial Hospitalar - Mensal
A3: Hospital: | B3: HOSPITAL REGIONAL TEREZINHA GAIO BASSO | G3: CNES: | H3: 6683134
A4: Mês/Ano: | B4: =Leitos!B4 -> 45931
A6: 1. ASSISTÊNCIA HOSPITALAR - INTERNAÇÃO
A7: Clinicas | B7: Altas | C7: Transferências Externas | D7: Óbitos < 24hs | E7: Óbitos >= 24hs | F7: Saídas Hospitalares | G7: Transferências Internas (UTI) | H7: Leitos Operacionais Dia | I7: Pacientes - Dia
A8: 1. Clínica Cirúrgica | B8: =285-70-7-2 -> 206 | C8: =2+3+2 -> 7 | D8: 2 | E8: 0 | F8: =SUM(B8:E8) -> 215 | G8: - | H8: 806 | I8: 740
A9: 2. Clínica Médica | B9: =266-17-25-9-8 -> 207 | C9: =9+3+9+3+1 -> 25 | D9: 9 | E9: 8 | F9: =SUM(B9:E9) -> 249 | G9: - | H9: =775+31 -> 806 | I9: =230+739 -> 969
A10: 3. Oncologia Clínica | B10: =17-12 -> 5 | C10: 0 | D10: 0 | E10: 12 | F10: =SUM(B10:E10) -> 17 | G10: - | H10: 210 | I10: 179
A11: 4. Oncologia Cirúrgica | B11: 70 | C11: 0 | D11: 0 | E11: 0 | F11: =SUM(B11:E11) -> 70 | G11: - | H11: 255 | I11: 216
A12: 5. Clínica Gineco/Obstétrica | B12: =72-4 -> 68 | C12: =3+1 -> 4 | D12: 0 | E12: 0 | F12: =SUM(B12:E12) -> 72 | G12: - | H12: =465-186 -> 279 | I12: =365-266 -> 99
A13: 6. Clínica Pediátrica | B13: =65-1 -> 64 | C13: 0 | D13: 1 | E13: 0 | F13: =SUM(B13:E13) -> 65 | G13: - | H13: 186 | I13: 266
A14: 7. UTI Adulto | B14: - | C14: 1 | D14: 2 | E14: 10 | F14: =SUM(B14:E14) -> 13 | G14: 32 | H14: 310 | I14: 299
A15: Total | B15: =SUM(B8:B13) -> 620 | C15: =SUM(C8:C14) -> 37 | D15: =SUM(D8:D14) -> 14 | E15: =SUM(E8:E14) -> 30 | F15: =SUM(F8:F14) -> 701 | G15: =SUM(G14) -> 32 | H15: =SUM(H8:H14) -> 2852 | I15: =SUM(I8:I14) -> 2768
A16: C.G., PAG. 39, 1.6.2. Para fins de aferição de meta serão consideradas as Saídas Hospitalares ocorridas entre o dia 1º a 30/31 de cada mês, tendo como parâmetro o dia de saída do paciente do Hospital.
A17: 1.1 Saídas das UTIs por Clínica (Transf. Externas + Óbitos) | D17: 1.2 Transf. Internas das UTIs por Clínica
A18: Clinicas | B18: N° Saídas | D18: Clinicas | E18: N° Transferências
A19: =A8 -> 1. Clínica Cirúrgica | B19: 2 | D19: =A19 -> 1. Clínica Cirúrgica | E19: 9
A20: =A9 -> 2. Clínica Médica | B20: 9 | D20: =A20 -> 2. Clínica Médica | E20: 18
A21: =A10 -> 3. Oncologia Clínica | B21: 1 | D21: =A21 -> 3. Oncologia Clínica | E21: 1
A22: =A11 -> 4. Oncologia Cirúrgica | B22: 1 | D22: =A22 -> 4. Oncologia Cirúrgica | E22: 4
A23: =A12 -> 5. Clínica Gineco/Obstétrica | B23: 0 | D23: =A23 -> 5. Clínica Gineco/Obstétrica | E23: 0
A24: =A13 -> 6. Clínica Pediátrica | B24: 0 | D24: =A24 -> 6. Clínica Pediátrica | E24: 0
A25: 7. Outra Unidade Hospitalar | B25: 0 | D25: Total | E25: =SUM(E19:E24) -> 32
A26: Total | B26: =SUM(B19:B25) -> 13 | E26: =IF(E25=G14,"OK","REVER") -> OK
B27: =IF(B26=F14,"OK","REVER") -> OK
A29: 1.3 Clínicas | B29: Número de Saídas Hospitalares | D29: Bases para o cálculo do número de saídas
B30: Média Mensal | C30: % Total | D30: Leitos Operacionais | E30: Permanência Média | F30: Taxa de Ocupação
A31: =A8 -> 1. Clínica Cirúrgica | B31: =F8 -> 215 | C31: =B31/$B$38 -> 0.30670471 | D31: =H8 -> 806 | E31: =I8/F8 -> 3.4418605 | F31: =I8/H8 -> 0.91811414
A32: =A9 -> 2. Clínica Médica | B32: =F9 -> 249 | C32: =B32/$B$38 -> 0.35520685 | D32: =H9 -> 806 | E32: =I9/F9 -> 3.8915663 | F32: =I9/H9 -> 1.2022333
A33: =A10 -> 3. Oncologia Clínica | B33: =F10 -> 17 | C33: =B33/$B$38 -> 0.02425107 | D33: =H10 -> 210 | E33: =I10/F10 -> 10.529412 | F33: =I10/H10 -> 0.85238095
A34: =A11 -> 4. Oncologia Cirúrgica | B34: =F11 -> 70 | C34: =B34/$B$38 -> 0.099857347 | D34: =H11 -> 255 | E34: =I11/F11 -> 3.0857143 | F34: =I11/H11 -> 0.84705882
A35: =A12 -> 5. Clínica Gineco/Obstétrica | B35: =F12 -> 72 | C35: =B35/$B$38 -> 0.10271041 | D35: =H12 -> 279 | E35: =I12/F12 -> 1.375 | F35: =I12/H12 -> 0.35483871
A36: =A13 -> 6. Clínica Pediátrica | B36: =F13 -> 65 | C36: =B36/$B$38 -> 0.092724679 | D36: =H13 -> 186 | E36: =I13/F13 -> 4.0923077 | F36: =I13/H13 -> 1.4301075
A37: =A14 -> 7. UTI Adulto | B37: =F14 -> 13 | C37: =B37/$B$38 -> 0.018544936 | D37: =H14 -> 310 | E37: =I14/(G14+F14) -> 6.6444444 | F37: =I14/H14 -> 0.96451613
A38: Total | B38: =SUM(B31:B37) -> 701 | C38: =B38/$B$38 -> 1 | D38: =SUM(D31:D37) -> 2852 | E38: =AVERAGE(E31:E37) -> 4.7229007 | F38: =I15/H15 -> 0.97054698

Sheet Ambulatorio
A1: Planilha - Atividade Assistencial Ambulatorial - Mensal
A3: Hospital: | B3: HOSPITAL REGIONAL TEREZINHA GAIO BASSO
A4: Mês/Ano: | B4: =Leitos!B4 -> 45931
A6: 1. ATENDIMENTO AMBULATORIAL
A7: 1.1 Consultas Médicas
A8: Especialidade | B8: Primeiras Consultas (TCGA, Agenda Interna e Regulação**) | C8: Interconsulta | D8: Consulta Subsequente | E8: Total
A9: Anestesiologia | B9: 47 | C9: 0 | D9: 71 | E9: =SUM(B9:D9) -> 118
A10: Cardiologia | B10: 104 | C10: 0 | D10: 79 | E10: =SUM(B10:D10) -> 183
A11: Cirurgia Geral | B11: 53 | C11: 0 | D11: =53+44+9 -> 106 | E11: =SUM(B11:D11) -> 159
A12: Cirurgia Vascular | B12: 63 | C12: 0 | D12: =37+25 -> 62 | E12: =SUM(B12:D12) -> 125
A13: Clínica Médica Geral | B13: 0 | C13: 0 | D13: 5 | E13: =SUM(B13:D13) -> 5
A14: Gastroenterologia | B14: 18 | C14: 0 | D14: 8 | E14: =SUM(B14:D14) -> 26
A15: Ginecologia/obstetrícia | B15: 17 | C15: 0 | D15: 17 | E15: =SUM(B15:D15) -> 34
A16: Hepatologia | B16: 10 | C16: 0 | D16: 15 | E16: =SUM(B16:D16) -> 25
A17: Infectologia | B17: 4 | C17: 0 | D17: 30 | E17: =SUM(B17:D17) -> 34
A18: Mastologia | B18: 13 | C18: 0 | D18: 4 | E18: =SUM(B18:D18) -> 17
A19: Neurocirurgia | B19: 0 | C19: 0 | D19: 15 | E19: =SUM(B19:D19) -> 15
A20: Neurologia | B20: 28 | C20: 0 | D20: 6 | E20: =SUM(B20:D20) -> 34
A21: Oftalmologia | B21: 278 | C21: 0 | D21: =151+31 -> 182 | E21: =SUM(B21:D21) -> 460
A22: Oncologia Clínica | B22: =1+15+58 -> 74 | C22: 0 | D22: =443+504 -> 947 | E22: =SUM(B22:D22) -> 1021
A23: Oncologia Cirúrgica | B23: 36 | C23: 0 | D23: =1+148+87 -> 236 | E23: =SUM(B23:D23) -> 272
A24: Ortopedia/Traumatologia | B24: 186 | C24: 0 | D24: =89+190 -> 279 | E24: =SUM(B24:D24) -> 465
A25: Otorrinolaringologia Adulto | B25: 67 | C25: 0 | D25: 41 | E25: =SUM(B25:D25) -> 108
A26: Otorrinolaringologia Pediátrica | B26: 4 | C26: 0 | D26: 5 | E26: =SUM(B26:D26) -> 9
A27: Pediatria | B27: 5 | C27: 0 | D27: 46 | E27: =SUM(B27:D27) -> 51
A28: Pneumologia | B28: 10 | C28: 0 | D28: =5+8+1 -> 14 | E28: =SUM(B28:D28) -> 24
A29: Proctologia | B29: 13 | C29: 0 | D29: 7 | E29: =SUM(B29:D29) -> 20
A30: Urologia | B30: 33 | C30: 0 | D30: 28 | E30: =SUM(B30:D30) -> 61
A31: Total | B31: =SUM(B9:B30) -> 1063 | C31: =SUM(C9:C30) -> 0 | D31: =SUM(D9:D30) -> 2203 | E31: =SUM(E9:E30) -> 3266
A33: 1.2 Procedimentos Ambulatoriais
A34: Especialidade | B34: Realizado Regulação** | C34: Agenda Interna | D34: Total
A35: Procedimentos Oftalmológicos (fotocoagulação a laser, outros...) | B35: 13 | C35: 9 | D35: =SUM(B35:C35) -> 22
A36: Procedimentos de Quimioterapia (nº de sessões) | B36: - | C36: =231+375 -> 606 | D36: =SUM(B36:C36) -> 606
A37: Total | B37: =SUM(B35:B36) -> 13 | C37: =SUM(C35:C36) -> 615 | D37: =SUM(D35:D36) -> 628
A39: 1.3 Consultas não médicas
A40: Especialidade | B40: =B34 -> Realizado Regulação** | C40: =C34 -> Agenda Interna | D40: Total
A41: Bucomaxilofacial | B41: 0 | C41: 8 | D41: =SUM(B41:C41) -> 8
A42: Fonoaudiologia | B42: - | C42: 179 | D42: =SUM(B42:C42) -> 179
A43: Nutrição Clínica | B43: - | C43: 22 | D43: =SUM(B43:C43) -> 22
A44: Psicologia | B44: - | C44: 189 | D44: =SUM(B44:C44) -> 189
A45: Total | B45: =SUM(B41:B44) -> 0 | C45: =SUM(C41:C44) -> 398 | D45: =SUM(D41:D44) -> 398
A47: 2. ATENDIMENTO AMBULATORIAL - REGULAÇÃO
A48: 2.1 Consultas Médicas disponibilizadas para a Central de Regulação Ambulatorial
A50: Especialidade | B50: Nº de Consultas disponibilizadas para Regulação | C50: Nº de Consultas agendadas com os pacientes oriundos da Regulação | D50: Nº de Consultas Realizadas com os pacientes oriundos da Regulação** | E50: Nº de Pacientes Faltantes oriundos do agendamento da Regulação
A51: Cardiologia | B51: 120 | C51: 115 | D51: 104 | E51: =C51-D51 -> 11
A52: Cirurgia Geral | B52: 70 | C52: 68 | D52: 53 | E52: =C52-D52 -> 15
A53: Cirurgia Vascular | B53: 75 | C53: 75 | D53: 63 | E53: =C53-D53 -> 12
A54: Gastroenterologia | B54: 20 | C54: 20 | D54: 16 | E54: =C54-D54 -> 4
A55: Ginecologia/obstetrícia | B55: 25 | C55: 20 | D55: 17 | E55: =C55-D55 -> 3
A56: Hepatologia | B56: 15 | C56: 15 | D56: 10 | E56: =C56-D56 -> 5
A57: Infectologia | B57: 5 | C57: 5 | D57: 4 | E57: =C57-D57 -> 1
A58: Neurocirurgia | B58: 0 | C58: 0 | D58: 0 | E58: =C58-D58 -> 0
A59: Neurologia | B59: 25 | C59: 17 | D59: 28 | E59: =C59-D59 -> -11 | F59: Realizado agenda extra
A60: Oftalmologia | B60: 318 | C60: 314 | D60: 278 | E60: =C60-D60 -> 36
A61: Oncologia | B61: 157 | C61: 102 | D61: 94 | E61: =C61-D61 -> 8
A62: Ortopedia/Traumatologia | B62: 300 | C62: 205 | D62: 186 | E62: =C62-D62 -> 19
A63: Otorrinolaringologia Adulto | B63: 100 | C63: 93 | D63: 67 | E63: =C63-D63 -> 26
A64: Otorrinolaringologia Pediátrica | B64: 25 | C64: 6 | D64: 4 | E64: =C64-D64 -> 2
A65: Pneumologia | B65: 10 | C65: 10 | D65: 10 | E65: =C65-D65 -> 0
A66: Proctologia | B66: 20 | C66: 18 | D66: 13 | E66: =C66-D66 -> 5
A67: Urologia | B67: 35 | C67: 33 | D67: 33 | E67: =C67-D67 -> 0
A68: Total | B68: =SUM(B51:B67) -> 1320 | C68: =SUM(C51:C67) -> 1116 | D68: =SUM(D51:D67) -> 980 | E68: =SUM(E51:E67) -> 136
A70: 2.2 Procedimentos Ambulatoriais
A71: Especialidade | B71: =B50 -> Nº de Consultas disponibilizadas para Regulação | C71: =C50 -> Nº de Consultas agendadas com os pacientes oriundos da Regulação | D71: =D50 -> Nº de Consultas Realizadas com os pacientes oriundos da Regulação** | E71: =E50 -> Nº de Pacientes Faltantes oriundos do agendamento da Regulação
A72: Procedimentos Oftalmológicos (fotocoagulação a laser, outros...) | B72: 40 | C72: 23 | D72: 13 | E72: =C72-D72 -> 10
A73: Total | B73: =SUM(B72:B72) -> 40 | C73: =SUM(C72:C72) -> 23 | D73: =SUM(D72:D72) -> 13 | E73: =SUM(E72:E72) -> 10
A75: 2.3 Consultas não médicas
A76: Especialidade | B76: =B71 -> Nº de Consultas disponibilizadas para Regulação | C76: =C71 -> Nº de Consultas agendadas com os pacientes oriundos da Regulação | D76: =D71 -> Nº de Consultas Realizadas com os pacientes oriundos da Regulação** | E76: =E71 -> Nº de Pacientes Faltantes oriundos do agendamento da Regulação
A77: Bucomaxilofacial | B77: 3 | C77: 0 | D77: 0 | E77: =C77-D77 -> 0 | F77: Sem paciente no SISREG/agenda aberta
A78: Total | B78: =SUM(B77:B77) -> 3 | C78: =SUM(C77:C77) -> 0 | D78: =SUM(D77:D77) -> 0 | E78: =SUM(E77:E77) -> 0

Sheet SADT
A1: Planilha - Atividade Assistencial - Mensal
A3: Hospital: | B3: HOSPITAL REGIONAL TEREZINHA GAIO BASSO
A4: Mês/Ano: | B4: =Leitos!B4 -> 45931
A6: 1.SERVIÇOS DE APOIO DIAGNÓSTICO E TERAPÊUTICO - EXTERNO REALIZADO
B7: Realizado Regulação** | C7: Agenda Interna Hospital + TCGA | D7: Total / Meta Mês
A8: Colonoscopia | B8: 69 | C8: 37 | D8: =SUM(B8:C8) -> 106
A9: Endoscopia | B9: 242 | C9: 20 | D9: =SUM(B9:C9) -> 262
A10: Exames de Anatomia Patológica | B10: 0 | C10: 1358 | D10: =SUM(B10:C10) -> 1358
A11: Mamografia | B11: 227 | C11: 35 | D11: =SUM(B11:C11) -> 262
A12: Radiologia | B12: 911 | C12: 343 | D12: =SUM(B12:C12) -> 1254
A13: Retinografia Colorida Binocular | B13: 5 | C13: 0 | D13: =SUM(B13:C13) -> 5
A14: Tomografia/Angiotomografia | B14: 122 | C14: 326 | D14: =SUM(B14:C14) -> 448
A15: Ultrassonografia | B15: 261 | C15: 215 | D15: =SUM(B15:C15) -> 476
A16: Total | B16: =SUM(B8:B15) -> 1837 | C16: =SUM(C8:C15) -> 2334 | D16: =SUM(D8:D15) -> 4171
A17: 1.8.4. Para fins de aferição de meta serão considerados exames externos os atendimentos realizados em caráter eletivo, ocorridos entre o dia 1º a 30/31 de cada mês, tendo como parâmetro o dia em que o paciente realizou o exame no Hospital. Esta meta será acompanhada através do Sistema de Informações Ambulatoriais.
A19: 2. SADT Externo - Regulação
A20: Especialidade | C20: Nº de exames disponibilizadas para Regulação | D20: Nº de exames agendadas com os pacientes oriundos da Regulação | E20: Nº de exames Realizadas com pacientes oriundos da Regulação** | F20: Nº de Pacientes Faltantes oriundos do agendamento da Regulação
A22: =A8 -> Colonoscopia | C22: 100 | D22: 98 | E22: 69 | F22: =D22-E22 -> 29
A23: =A9 -> Endoscopia | C23: 271 | D23: 266 | E23: 242 | F23: =D23-E23 -> 24
A24: =A10 -> Exames de Anatomia Patológica | C24: 0 | D24: 0 | E24: 0 | F24: =D24-E24 -> 0
A25: =A11 -> Mamografia | C25: 274 | D25: 260 | E25: 227 | F25: =D25-E25 -> 33
A26: =A12 -> Radiologia | C26: 1000 | D26: 1056 | E26: 911 | F26: =D26-E26 -> 145
A27: =A13 -> Retinografia Colorida Binocular | C27: 10 | D27: 10 | E27: 5 | F27: =D27-E27 -> 5
A28: =A14 -> Tomografia/Angiotomografia | C28: 161 | D28: 134 | E28: 122 | F28: =D28-E28 -> 12
A29: =A15 -> Ultrassonografia | C29: 600 | D29: 306 | E29: 261 | F29: =D29-E29 -> 45
A30: =A16 -> Total | C30: =SUM(C22:C29) -> 2416 | D30: =SUM(D22:D29) -> 2130 | E30: =SUM(E22:E29) -> 1837 | F30: =SUM(F22:F29) -> 293
A32: 3. Exames Internos - Internação
D33: Nº Exames
A34: Eletrocardiograma | D34: 348
A35: Exames Anatomopatológicos | D35: 224
A36: Exames de Colonoscopia | D36: 9
A37: Exames de Endoscopia | D37: 19
A38: Exames de Mamografia | D38: 0
A39: Exames de Radiologia | D39: 335
A40: Exames de Tomografias | D40: 201
A41: Exames de Ultrassom | D41: 86
A42: Exames Laboratoriais | D42: 7593
A43: Total | D43: =SUM(D34:D42) -> 8815
A45: 4. Exames Internos - Urgência e Emergência
D46: Nº Exames
A47: Eletrocardiograma | D47: 300
A48: Exames Anatomopatológicos | D48: 224
A49: Exames de Colonoscopia | D49: 2
A50: Exames de Endoscopia | D50: 18
A51: Exames de Mamografia | D51: 0
A52: Exames de Radiologia | D52: 1237
A53: Exames de Tomografias | D53: 795
A54: Exames de Ultrassom | D54: 174
A55: Exames Laboratoriais | D55: 7924
A56: Total | D56: =SUM(D47:D55) -> 10674

Sheet Atividade Cirúrgica
A1: Planilha - Atividade Assistencial Hospitalar - Mensais
A3: Hospital: | B3: HOSPITAL REGIONAL TEREZINHA GAIO BASSO
A4: Mês/Ano: | B4: =Leitos!B4 -> 45931
A6: 1. Cirurgias
C7: Quantidade
A8: a) Cirurgias de Média Complexidade | C8: =C157 -> 496
A9: b) Cirurgias de Alta Complexidade | C9: =C191 -> 69
A10: Nº Total de Cirurgias | C10: =SUM(C8:C9) -> 565
A12: 2. Atividade Cirúrgica
C13: Quantidade
A14: Eletiva* | C14: 141
A15: Urgência | C15: 424
A16: Nº Total de Cirurgias | C16: =SUM(C14:C15) -> 565 | D16: =IF(C16=C10,"ok","rever") -> ok
A17: *CG, PAG. 33, 21.1.1. O Hospital deverá destinar, no mínimo 15% (quinze por cento), do volume total de cirurgias realizadas no mês, aos pacientes eletivos, em lista de espera, encaminhados pela Central de Regulação de Internações Hospitalares (drive cirúrgico).
A19: 2.2. Indicadores da Atividade Cirúrgica
C20: Quantidade
A21: Taxa de Cirurgias Eletivas | C21: =C14/C16 -> 0.24955752
A22: Taxa de Cirurgias de Urgência | C22: =C15/C16 -> 0.75044248
A24: 3. Salas Cirúrgicas
C25: Quantidade
A26: N° Salas Cirúrgicas Operacionais/Dia | C26: 4
A29: 4. Cirurgias de Média Complexidade
A30: Código | B30: Nome do procedimento realizado | C30: Quantidade
A31: 03.10.01.003-9 - PARTO NORMAL-Média Complexidade | C31: 38
A32: 04.07.04.018-8 - LIBERAÇÃO DE ADERÊNCIAS INTESTINAIS-Média Complexidade | C32: 34
A33: 04.07.04.025-0 - TRATAMENTO CIRÚRGICO DE PERITONITE-Média Complexidade | C33: 28
A34: 04.07.02.003-9 - APENDICECTOMIA-Média Complexidade | C34: 26
A35: 04.11.01.003-4 - OPERACAO CESARIANA-Média Complexidade | C35: 17
A36: 02.09.02.001-6 - CISTOSCOPIA E/OU URETEROSCOPIA E/OU URETROSCOPIA-Média | C36: 15
A37: 04.06.02.057-4 - TRATAMENTO CIRÚRGICO DE VARIZES (UNILATERAL)-Média Complexidade | C37: 15
A38: 04.15.04.003-5 - DEBRIDAMENTO DE ULCERA / DE TECIDOS DESVITALIZADOS-Média | C38: 16
A39: 04.01.02.005-3 - EXCISÃO E SUTURA DE LESAO NA PELE C/ PLÁSTICA EM Z OU ROTAÇÃO DE RETALHO-Média Complexidade | C39: 12
A40: 02.01.01.026-7 - BIOPSIA DE LESAO DE PARTES MOLES (POR AGULHA / CEU ABERTO)-Média Complexidade | C40: 11
A41: 04.08.01.018-5 - TRATAMENTO CIRURGICO DE LUXACAO / FRATURA-LUXACAO ACROMIO-CLAVICULAR-Média Complexidade | C41: 9
A42: 04.08.02.040-7 - TRATAMENTO CIRÚRGICO DE FRATURA DA EXTREMIDADE / METÁFISE DISTAL DOS OSSOS DO ANTEBRAÇO-Média Complexidade | C42: 9
... A156: 04.08.02.022-9 - REDUÇÃO INCRUENTA DE LUXAÇÃO / FRATURA-LUXAÇÃO DO COTOVELO-Média Complexidade | C156: 1
A157: Nº Total de Cirurgias de Média Complexidade | C157: =SUM(C31:C156) -> 496
A159: 5. Cirurgias de Alta Complexidade
A160: Código | B160: Nome do procedimento realizado | C160: Quantidade
A161: 04.16.08.003-0 - EXCISÃO E SUTURA DE LESÃO NA PELE COM PLASTICA EM Z OU ROTAÇÃO DE RETALHO EM ONCOLOGIA-Alta Complexidade | C161: 22
A162: 04.06.02.007-8 - IMPLANTAÇÃO DE CATETER DE LONGA PERMANÊNCIA SEMI OU TOTALMENTE IMPLANTAVEL (PROCEDIMENTO PRINCIPAL)-Alta Complexidade | C162: 6
A163: 04.18.01.004-8 - IMPLANTE DE CATETER DE LONGA PERMANÊNCIA P/ HEMODIALISE-Alta Complexidade | C163: 5
A164: 04.18.02.003-5 - RETIRADA DE CATETER TIPO TENCKHOFF / SIMILAR DE LONGA PERMANÊNCIA-Alta Complexidade | C164: 3
A165: 04.09.01.010-3 - COLOCAÇÃO PERCUTÂNEA DE CATETER PIELO-URETERO-VESICAL UNILATERAL.-Alta Complexidade | C165: 2
A166: 04.16.02.024-0 - LINFADENECTOMIA SELETIVA GUIADA (LINFONODO SENTINELA) EM ONCOLOGIA-Alta Complexidade | C166: 2
A167: 04.16.04.020-9 - LAPAROTOMIA EXPLORADORA COM RESSECÇÃO COMPLETA OU INCOMPLETA DO TUMOR EM ONCOLOGIA-Alta Complexidade | C167: 2
A168: 04.16.12.002-4 - MASTECTOMIA RADICAL COM LINFADENECTOMIA AXILAR EM ONCOLOGIA-Alta Complexidade | C168: 2
A169: 04.16.12.005-9 - SEGMENTECTOMIA/QUADRANTECTOMIA/SETORECTOMIA DE MAMA EM ONCOLOGIA-Alta Complexidade | C169: 2
A170: 04.18.01.003-0 - CONFECCAO DE FISTULA ARTERIO-VENOSA P/ HEMODIALISE- Alta | C170: 2
A171: 05.03.04.008-8 - CAPTAÇÃO DE ÓRGÃO EFETIVAMENTE TRANSPLANTADO-Alta | C171: 2
A172: 04.03.01.012-8 - MICROCIRURGIA CEREBRAL ENDOSCOPICA-Alta Complexidade | C172: 1
... A190: 04.18.01.006-4 - IMPLANTE DE CATETER DUPLO LUMEN P/HEMODIALISE-Alta | C190: 1
A191: Nº Total de Cirurgias Alta Complexidade | C191: =SUM(C161:C190) -> 69
B193: 6. Partos
C194: Quantidade
B195: Nº Total de Cesáreas | C195: 24
B196: Nº Total de Partos Normais | C196: 38
B197: Nº Total de Partos (Cesáreas + Partos Normais) | C197: =C195+C196 -> 62

Sheet Qualidade
A1: Planilha - Indicadores de Qualidade Mensais
A3: Hospital: | B3: =Capa!D5 -> HOSPITAL REGIONAL TEREZINHA GAIO BASSO
A4: Mês/Ano: | B4: =Assistencial!B4 -> 45931
A6: 1. Apresentação de Autorização de Internação Hospitalar (AIH) | C6: Quantidade
A7: Nº de AIH’s apresentadas à GMAPS | C7: 698
A8: Nº de Saídas Hospitalares informadas pelo Hospital no mês | C8: =B29 -> 701
A10: 2. Controle de Infecção Hospitalar
B11: N° Infecção Geral Hospitalar | D11: Taxa Infecção geral hospitalar
B12: 11 | D12: 0.0132
B14: 2.1 Controle de Infecção Hospitalar - UTI Adulto
B15: N° Infecções Hospitalares | C15: N° Infecções Corrente Sang. em Pac. com CVC | D15: N° Pac./Dia com CVC | E15: Nº de Pneumonias em Pacientes com Vent. Mecânica | F15: Nº de Pac./Dia com Ventilação Mecânica
B16: 5 | C16: 0 | D16: 249 | E16: 4 | F16: 144
B18: 2.3 Controle de Infecção Hospitalar - UTI Adulto
B19: DIH UTI | C19: DIIH CVC UTI | D19: Taxa VM UTI
B20: =I14=G17=B16/Assistencial!I14*1000 -> FALSE | C20: =C16/D16*1000 -> 0 | D20: =F16/Assistencial!I14 -> 0.48160535
A21: CG, PAG.46, 2.7.3. O cumprimento da meta está relacionado ao envio do relatório mensal, elaborado pelo Serviço de Controle de Infecção Hospitalar da unidade, que contenha o valor dos indicadores mensais, a análise dos resultados com o comparativo de referência (utilizado pelo Serviço de Controle de Infecção Hospitalar do hospital) e o plano de ação com as medidas de correção e controle, quando se fizerem necessárias. O Relatório deverá estar assinado pelo enfermeiro e médico infectologista do serviço.
A24: 3. Mortalidade | D24: 3.3 Mortalidade Operatória por ASA
B25: Quantidade | E25: Nº de Pacientes Operados | F25: Nº de Óbitos até 7 Dias | G25: Taxa de Mortalidade Operatória | H25: Nº de Cirurgias de Urgência | I25: Taxa de Cirurgias de Urgência por ASA
A26: Nº de óbitos ≥ 24hs de internação no mês (N° Óbitos Institucionais) | B26: 30 | D26: Avaliação Anestésica ASA 1 | E26: 95 | F26: 0 | G26: =F26/E26 -> 0 | H26: 93 | I26: =H26/H32 -> 0.21933962
A27: N° Óbitos até 7 Dias após Proc. Cirúrgico | B27: 7 | D27: Avaliação Anestésica ASA 2 | E27: 270 | F27: 1 | G27: =F27/E27 -> 0.0037037037 | H27: 262 | I27: =H27/H32 -> 0.61792453
A28: N° Total Pacientes Operados | B28: =E32 -> 447 | D28: Avaliação Anestésica ASA 3 | E28: 69 | F28: 1 | G28: =F28/E28 -> 0.014492754 | H28: 63 | I28: =H28/H32 -> 0.14858491
A29: Nº Total de Saídas Hospitalares | B29: =Assistencial!F15 -> 701 | D29: Avaliação Anestésica ASA 4 | E29: 9 | F29: 2 | G29: =F29/E29 -> 0.22222222 | H29: 5 | I29: =H29/H32 -> 0.011792453
D30: Avaliação Anestésica ASA 5 | E30: 2 | F30: 1 | G30: =F30/E30 -> 0.5 | H30: 1 | I30: =H30/H32 -> 0.0023584906
A31: 3.1 Indicadores Mortalidade Operatória (TMO) | D31: Avaliação Anestésica ASA 6 | E31: 2 | F31: 2 | G31: - | H31: - | I31: -
B32: % | D32: Total | E32: =SUM(E26:E31) -> 447 | F32: =SUM(F26:F31) -> 7 | G32: =SUM(G26:G30) -> 0.74041868 | H32: =SUM(H26:H30) -> 424 | I32: =SUM(I26:I30) -> 1
A33: Taxa de Mortalidade Operatória | B33: =B27/B28 -> 0.015659955 | D33: C.G., PAG. 47, 2.8.6. O cumprimento da meta está relacionado ao envio do relatório / ata mensal, elaborado pela Comissão de Óbito do Hospital, com a análise dos resultados da TMO e TM, com o comparativo de referência, devidamente assinado pelos seus membros.
A35: 3.2 Indicadores Mortalidade Institucional (TM)
B36: %
A37: Taxa de Mortalidade Institucional | B37: =(B26/B29) -> 0.042796006
A39: 3.4 Mortalidade Intra-Hospitalar Neonatal
B40: Nascidos Vivos | C40: Apgar 1 min >= 7 | D40: Apgar 5 min >= 7 | E40: Nascidos Mortos | F40: Óbitos 0-6 dias | G40: Óbitos 7-28 dias | H40: Óbitos 29 dias e +
A41: < 500g | B41: 0 | C41: 0 | D41: 0 | E41: 0 | F41: 0 | G41: 0 | H41: 0
A42: 500 - 749g | B42: 0 | C42: 0 | D42: 0 | E42: 0 | F42: 0 | G42: 0 | H42: 0
A43: 750 - 999g | B43: 0 | C43: 0 | D43: 0 | E43: 0 | F43: 0 | G43: 0 | H43: 0
A44: 1000 - 1249g | B44: 0 | C44: 0 | D44: 0 | E44: 0 | F44: 0 | G44: 0 | H44: 0
A45: 1250 - 1499g | B45: 0 | C45: 0 | D45: 0 | E45: 0 | F45: 0 | G45: 0 | H45: 0
A46: 1500 - 1749g | B46: 0 | C46: 0 | D46: 0 | E46: 0 | F46: 0 | G46: 0 | H46: 0
A47: 1750 - 1999g | B47: 1 | C47: 0 | D47: 1 | E47: 0 | F47: 0 | G47: 0 | H47: 0
A48: 2000-2249g | B48: 0 | C48: 0 | D48: 0 | E48: 0 | F48: 0 | G48: 0 | H48: 0
A49: 2250 - 2499g | B49: 0 | C49: 0 | D49: 0 | E49: 0 | F49: 0 | G49: 0 | H49: 0
A50: 2500g e + | B50: 61 | C50: 0 | D50: 61 | E50: 0 | F50: 0 | G50: 0 | H50: 0
A51: Total | B51: =SUM(B41:B50) -> 62 | C51: =SUM(C41:C50) -> 0 | D51: =SUM(D41:D50) -> 62 | E51: =SUM(E41:E50) -> 0 | F51: =SUM(F41:F50) -> 0 | G51: =SUM(G41:G50) -> 0 | H51: =SUM(H41:H50) -> 0
A54: 4. Indicadores de Segurança do Paciente
A55: Nº de notificações de LPP na UTI no mês | C55: 4 | D55: =C55/C56 -> 0.093023256
A56: Nº de pacientes em risco para LPP no mês | C56: 43
A57: CG, PAG.47, 2.9.3. O cumprimento da meta está relacionado ao envio do relatório / ata mensal, elaborado pelo Núcleo de Segurança do Paciente, com o resultado mensal do índice de LPP nas UTI’s e o comprovante da notificação do evento adverso, quando ocorrer, no sistema de monitoramento do Ministério da Saúde. O relatório deverá estar assinado pelo enfermeiro responsável e Diretor Geral do Hospital. Também deverá ser enviado o registro de treinamento trimestral dos protocolos de segurança do paciente e outros treinamentos relacionados.

Sheet Qualidade PSU
A1: Planilha - Indicadores de Qualidade Mensais - Pesquisa de Satisfação
A3: Hospital: | B3: =Capa!D5 -> HOSPITAL REGIONAL TEREZINHA GAIO BASSO
A4: Mês/Ano: | B4: =Leitos!B4 -> 45931
A6: 1. Pesquisa de Satisfação
A7: SETOR | C7: Nº total de pacientes atendidos no grupo | E7: Nº de pesquisas realizadas no grupo
A8: Pacientes ou acompanhantes em atendimento no serviço de urgência e emergência | C8: 2513 | E8: 171
A9: Pacientes ou acompanhantes de pacientes internados | C9: 701 | E9: 233
A10: Pacientes ou acompanhantes de pacientes em atendimento ambulatorial ou SADT Externo | C10: =4292+4171 -> 8463 | E10: 266
A11: Pacientes ou acompanhantes de pacientes após alta hospitalar | C11: 620 | E11: 78
A12: Total | C12: =SUM(C8:D11) -> 12297 | E12: =SUM(E8:F11) -> 748
A14: 2. Nível de Satisfação Geral do Hospital
A15: Setores | B15: Total de atendimentos | C15: Encantado | D15: Satisfeito | E15: Insatisfeito | F15: Decepcionado | G15: Quantitativo | H15: % de Participação | I15: SATISFATORIO | J15: INSATISFATÓRIO
A16: Atendimento de Urgência e Emergência | B16: =C8 -> 2513 | C16: 464 | D16: 1107 | E16: 110 | F16: 29 | G16: =SUM(C16:F16) -> 1710 | H16: =(E8/C8)*100 -> 6.804616 | I16: =(C16+D16)/G16 -> 0.91871345 | J16: =(E16+F16)/G16 -> 0.08128655
A17: Setores de Internação - Paciente Internados | B17: =C9 -> 701 | C17: 878 | D17: 1176 | E17: 32 | F17: 11 | G17: =SUM(C17:F17) -> 2097 | H17: =(E9/C9)*100 -> 33.238231 | I17: =(C17+D17)/G17 -> 0.97949452 | J17: =(E17+F17)/G17 -> 0.020505484
A18: Atendimento Ambulatorial ou SADT Externo | B18: =C10 -> 8463 | C18: 929 | D18: 1360 | E18: 94 | F18: 11 | G18: =SUM(C18:F18) -> 2394 | H18: =(E10/C10)*100 -> 3.1430935 | I18: =(C18+D18)/G18 -> 0.95614035 | J18: =(E18+F18)/G18 -> 0.043859649
A19: Pacientes - Após Alta Hospitalar | B19: =C11 -> 620 | C19: 171 | D19: 497 | E19: 27 | F19: 4 | G19: =SUM(C19:F19) -> 699 | H19: =(E11/C11)*100 -> 12.580645 | I19: =(C19+D19)/G19 -> 0.95565093 | J19: =(E19+F19)/G19 -> 0.04434907
A20: TOTAL - GERAL | B20: =SUM(B16+B18+B17+B19) -> 12297 | C20: =SUM(C16+C18+C17+C19) -> 2442 | D20: =SUM(D16+D18+D17+D19) -> 4140 | E20: =SUM(E16+E18+E17+E19) -> 263 | F20: =SUM(F16+F18+F17+F19) -> 55 | G20: =SUM(G16:G19) -> 6900 | H20: =SUM(H16:H19) -> 55.766586 | I20: =(C20+D20)/G20 -> 0.95391304 | J20: =(E20+F20)/G20 -> 0.046086957
A21: CG, PAG. 45, 2.6.5. A meta para o nível de satisfação geral do Hospital (encantado e satisfeito) deverá ser igual ou maior que 90% no trimestre. A EXECUTORA deverá encaminhar a pesquisa detalhada apresentando o nível de satisfação por área avaliada e o quantitativo de Ouvidoras mensais recebidas e estratificadas pelo tipo de manifestação.

Sheet Recursos Humanos
A1: Planilha - Indicadores de Recursos Humanos Mensais
A3: Hospital: | B3: =Capa!D5 -> HOSPITAL REGIONAL TEREZINHA GAIO BASSO
A4: Mês/Ano: | B4: =Leitos!B4 -> 45931
A6: Nº de Funcionários | D6: Nº de Funcionários Administrativos | I6: Nº de Funcionários Técnicos
B7: Quantidade | D7: Especficação Cargo | I7: Especficação Cargo
A8: Nº Total Funcionários (Todos os Vínculos) | B8: =B19+B29+B38+B52+F73+K26 -> 534 | E8: Estatutários | F8: Celetista | G8: Cedido | J8: Estatutários | K8: Celetista | L8: Cedido
B9: =IF(B19+B29+B38+B48+B52+E73+F73+G73+J26+K26+L26=B8,"OK","REVER") -> OK | D9: Analista de Recursos Humanos | F9: 1 | I9: Assistente Social | K9: 2
D10: Analista Departamento Pessoal | F10: 1 | I10: Auxiliar Farmácia | K10: 16
A11: Rotatividade de Funcionários | D11: Analista Financeiro | F11: 1 | I11: Biólogo | K11: 0
B12: Quantidade | D12: Assessora de Imprensa | F12: 1 | I12: Farmacêutico | K12: 5
A13: N° Admissões | B13: 6 | D13: Assistente Administrativo | F13: 1 | I13: Farmacêutico Bioquímica | K13: 5
A14: N° Demissões | B14: 11 | D14: Assistente Administrativo- Contabilidade | F14: 0 | I14: Farmacêutico- Ocologia | K14: 2
A15: N° Total de Funcionários (CLT) | B15: 436 | D15: Assistente administrativo -Manutenção | F15: 1 | I15: Farmacêutica Clinica | K15: 1
D16: Assistente Administrativo-Agendamento | F16: 0 | I16: Fisioterapeuta | K16: 7
A17: Médicos | D17: Assistente Administrativo-Almoxarifado | F17: 1 | I17: Fonoaudióloga | K17: 1
B18: Quantidade | D18: Assistente Administrativo-Faturamento | F18: 3 | I18: Imagenologia (Técnico em Radiologia) | K18: 12
A19: N° Total de Médicos | B19: =SUM(B20:B23) -> 98 | D19: Assistente Administrativo-Recepção | F19: 1 | I19: Nutricionista | K19: 1
A20: PJ | B20: 98 | D20: Assistente de Compras | F20: 1 | I20: Nutricionista Clinica | K20: 1
A21: Estatutários | B21: 0 | D21: Assistente de Diretoria | F21: 1 | I21: Psicóloga Hospitalar | K21: 2
A22: Celetistas | B22: 0 | D22: Auxiliar Administrativo - NIR | F22: 4 | I22: Psicologo | K22: 0
A23: Cedidos | B23: 0 | D23: Auxiliar Administrativo- FIN-FARM-IMAG. | F23: 2 | I23: CASO TENHA OUTROS INCLUIR ABAIXO:
D24: Auxiliar de Cozinha | F24: 7 | I24: BIOMÉDICO | K24: 2
D25: Auxiliar de Lavanderia | F25: 10
D26: Auxiliar de Limpeza | F26: 28 | I26: TOTAL | J26: =SUM(J9:J25) -> 0 | K26: =SUM(K9:K25) -> 57 | L26: =SUM(L9:L25) -> 0
A27: Nº de Enfermeiros | D27: Auxiliar de Limpeza-Jardinagem | F27: 1
B28: Quantidade | D28: Auxiliar de manutenção | F28: 1
A29: N° Total Enfermeiros | B29: 46 | D29: Camareira | F29: 1
A30: Estatutários | B30: 0 | D30: Comprador | F30: 1
A31: Celetistas | B31: 46 | D31: Coordenador SCIH | F31: 0
A32: Cedidos | B32: 0 | D32: Copeira Hospitalar | F32: 8
D33: Costureira | F33: 1
D34: Cozinheira Hospitalar | F34: 6
D35: Diretor Adjunto | F35: 1
A36: Nº de Profissionais Técnico de Enfermagem | D36: Diretor Apoio | F36: 0
B37: Quantidade | D37: Diretor Assistencial | F37: 1
A38: Nº Total Técnicos de Enfermagem | B38: 183 | D38: Diretor Geral | F38: 1
A39: Estatutários | B39: 0 | D39: Eletromecânico | F39: 2
A40: Celetistas | B40: 183 | D40: Engenheiro Civil | F40: 1
A41: Cedidos | B41: 0 | D41: Gerente de Recursos Humanos | F41: 1
D42: Gerente de Serviços Ambulatoriais | F42: 1
D43: Gerente de Serviços Operacionais | F43: 0
D44: Gerente Financeiro | F44: 1
D45: Jovem Aprendiz- Aux. Adm.-Recp.-Imag.-Farm.-Fat.-Manut. | F45: 7
A46: Serviços Terceirizados | D46: Marceneiro | F46: 1
B47: Quantidade | D47: Motorista | F47: 0
A48: N° Total de Profissionais Terceirizados | B48: 0 | D48: Operador de Caldeira | F48: 2
D49: Operador Est. Trat. Esgoto | F49: 1
A50: Estagiários | D50: Operador Sistema Climatização | F50: 2
B51: Quantidade | D51: Recepcionista | F51: 18
A52: Especficação: | B52: =SUM(B53:B56) -> 0 | D52: Registrador de Cancer | F52: 1
B53: 0 | D53: Supervisor Administrativo | F53: 1
B54: 0 | D54: Técnico de Suporte e Monit. TI | F54: 0
B55: 0 | D55: Técnico Informática | F55: 1
B56: 0 | D56: Técnico Segurança no Trabalho | F56: 2
D57: Telefonista | F57: 2
D58: Vigia | F58: 2
D59: CASO TENHA OUTROS INCLUIR ABAIXO:
D61: Analista de TI | F61: 1
D62: Auxiliar Administrativo - ONCOLOGIA | F62: 1
D63: Gerente Assistencial | F63: 1
D64: Gerente Enfermagem | F64: 5
D65: Auxiliar Administrativo (agendamento) | F65: 3
D66: SUPERVISOR MANUTENÇÃO | F66: 1
D67: Assistente Administrativo- Financeiro | F67: 2
D68: AUXILIAR ADMINISTRATIVO(FAT) | F68: 1
D69: GERENTE DE SUPRIMENTOS | F69: 1
D70: SUPERVISORA SERV OPERACIONAIS | F70: 1
D71: AUXILIAR ADMINISTRATIVO(RH) | F71: 1
D73: TOTAL | E73: =SUM(E9:E72) -> 0 | F73: =SUM(F9:F72) -> 150 | G73: =SUM(G9:G72) -> 0

Sheet Fármacia
A1: Planilha - Indicadores de Farmácia Mensais
A3: Hospital: | B3: =Capa!D5 -> HOSPITAL REGIONAL TEREZINHA GAIO BASSO
A4: Mês/Ano: | B4: =Assistencial!B4 -> 45931
D5: *Essa listagem deverá ser a curva A da farmácia do HRTGB
A6: Recurso financeiro na aquisição de medicamentos | D6: Aquisição de medicamentos da Curva A
B7: Valor R$ | D7: Medicamento/Apresentação | E7: Nome Comercial | F7: Laboratório Fabricante | G7: Custo Unitário
A8: Recurso financeiro gasto com medicamentos não padronizados | B8: 857.54 | D8: ABIRATERONA 250MG COMP | E8: GENÉRICO | F8: SUN FARMACEUTICA DO BRASIL LTDA | G8: 5.85
A9: Recurso financeiro gasto com medicamentos de rotina: | B9: 742818.24 | D9: ALBUMINA HUMANA 20% 50ML | E9: ALBUREX 20 | F9: CSL BEHRING PRODUTOS FARMACEUTICOS | G9: 152
D10: ALTEplase 50MG 1 F/A+DIL. 50ML | E10: ACTILYSE | F10: BOEHRINGER INGELHEIM DO BRASIL QUIMICA E FARMACEUTICA LTDA. | G10: 2557
A11: Quantidade de medicamentos adquiridos (princípio ativo - PA) | D11: AMPICILINA 2G + SULBACTAM 1G AMP. ( IV / IM ) | E11: GENERICO | F11: FRESENIUS KABI BRASIL LTDA. | G11: 11.99
B12: Nº medicamentos (PA) | D12: CeFAZolina 1G ( IV / IM ) AMP | E12: CEZOLIN | F12: INSTITUTO BIOCHIMICO INDUSTRIA FARMACEUTICA LTDA | G12: 3.5
A13: Medicamentos adquiridos não padronizados | B13: 7 | D13: CETOPROFENO 100MG/100ML (PRONTO USO) | E13: AXIFLENNID | F13: HALEXISTAR INDUSTRIA FARMACEUTICA LTDA | G13: 5.75
A14: Medicamentos adquiridos padronizados | B14: 292 | D14: CONTRASTE IODADO NÃO-IÔNICO DE BAIXA OSMOLARIDADE EQUIVALENTE A 300mg/mL DE IODO - Frasco 100mL | E14: OMNIPAQUE | F14: GE HEALTHCARE DO BRASIL COMERCIO E SERVICOS PARA EQUIPAMENTOS MEDICO-HOSPITALARES LTDA | G14: 149
D15: DIETA ENTERAL ESPECIALIZADA PARA DM - HIPERCALORICA E HIPERPROTEICA 1.5 KCAL/ML + 0,075G DE PROTEINA/ML - 1000ML | E15: DIBEM 1,5KCAL HP | F15: FRESENIUS KABI BRASIL LTDA. | G15: 70.2
A16: Medicamentos (unidade) com prazo de validade vencido | D16: DIETA ENTERAL PADRÃO HIPERCALORICA E HIPERPROTEICA 1.5 KCAL/ML + 0,075G DE PROTEINA/ML - 1000ML | E16: HP ENERGY | F16: FRESENIUS KABI BRASIL LTDA. | G16: 64.17
A17: Considerar a somatória dos quantitativos de todos os medicamentos | D17: ENOXAparina 40MG/0,4ML SER. ( IV / SC ) | E17: HEPTRIZ | F17: VIATRIS FARMACEUTICA DO BRASIL LTDA | G17: 10.45
B18: Nº medicamentos (UN) | D18: FILGRASTIM 300MCG/0,5ml - SC SERINGA (PRONTO PRA USO) | E18: FIPRIMA | F18: EUROFARMA LABORATORIOS S.A. FILIAL 8 | G18: 40
A19: Medicamentos vencidos | B19: 127 | D19: FLUORURACILA 2500MG/50ML – EV | E19: FAULDFLUOR | F19: LIBBS FARMACEUTICA LTDA | G19: 91.26
A20: Medicamentos em estoque total | B20: 315771 | D20: LEUCOVORIN (FOLINATO DE CÁLCIO) 300MG/30ML | E20: GENERICO | F20: EUROFARMA LABORATORIOS S.A. FILIAL 8 | G20: 107.5
D21: MEROPENEM 1G AMP. ( IV ) | E21: GENERICO | F21: INSTITUTO BIOCHIMICO INDUSTRIA FARMACEUTICA LTDA | G21: 13.75
D22: METILprednisolona 125MG AMP. ( IV / IM ) | E22: - | F22: - | G22: -
D23: OCTREOTIDA 0,1MG/ML | E23: SANDOSTATIN | F23: NOVARTIS BIOCIENCIAS SA | G23: 75.2
D24: OMEPRAZOL 40MG FR. ( IV ) | E24: GENÉRICO | F24: BLAU FARMACEUTICA S.A | G24: 6.75
D25: PIPERACILINA 4G + TAZOBACTAM 0,5G AMP. ( IV ) | E25: GENERICO | F25: VIATRIS FARMACEUTICA DO BRASIL LTDA | G25: 13.4
D26: ROCUrônio 10MG/ML 5ML | E26: UNIREZ | F26: UNIAO QUIMICA FARMACEUTICA NACIONAL S A - FILIAL 9 | G26: 9.4
D27: SOLUÇÃO FISIOLOGICA 0,9% 1000ML | E27: GENERICO | F27: HALEXISTAR INDUSTRIA FARMACEUTICA LTDA | G27: 7.55
D28: SOLUÇÃO FISIOLOGICA 0,9% 100ML | E28: GENERICO | F28: EQUIPLEX INDUSTRIA FARMACEUTICA LTDA - | G28: 2.49
D29: SOLUÇÃO FISIOLOGICA 0,9% 500ML | E29: GENERICO | F29: FRESENIUS KABI BRASIL LTDA. | G29: 3.65

Sheet Materiais
A1: Planilha - Indicadores de Materiais
A3: Hospital: | B3: =Assistencial!B3 -> HOSPITAL REGIONAL TEREZINHA GAIO BASSO
A4: Mês/Ano: | B4: =Leitos!B4 -> 45931
D5: *Essa listagem deverá ser a curva A do almoxarifado do HRTGB
A6: Aquisição de materiais Técnico Hospitalares | D6: Preços de Aquisição de materiais hospitalares
B7: Valor R$ | D7: Material/Apresentação | E7: Lab. Fabricante | F7: Custo Unitário
A8: Recurso financeiro gasto com materiais não padronizados | B8: 0 | D8: AVENTAL DESCARTAVEL MANGA LONGA 35G - PCT C/ 10 UNIDADES | E8: ALTERMED MATERIAL MEDICO HOSPITALAR LTDA | F8: 15.96
A9: Recurso financeiro gasto com materiais de rotina: | B9: 280575.15 | D9: BOMBA DE INFUSÃO ELASTOMERICA PORTATIL P/ TERAPIA DE INFUSÃO A CURTO E LONGO PRAZO CAPACIDADE P/ 270ML-5mL/hora- DESCARTÁVEL C/ POCHETE | E9: SAMTRONIC INDUSTRIA E COMERCIO LTDA | F9: 115
D10: CAMPO OPERATORIO ESTRELA 45X50 35G C/ FIO RADIOPACO - PCT C/50UN - NÃO ESTÉRIL | E10: CREMER | F10: 149
A11: Materiais Técnico Hospitalares (unidade) com prazo de validade vencido | D11: CAPILAR - DIALISADOR P/ HEMODIALISE DE BAIXO FLUXO - SUPERFICIE EFETIVA (m²) 1.8 - HPS F8 | E11: - | F11: -
A12: Considerar a somatória dos quantitativos de todos os materiais | D12: Equipo Bomba de Dieta Santronic - EQUIPO PARA BOMBA DE INFUSÃO SAMTRONIC ENTERAL S/FILTRO EI 0623 T000 | E12: SAMTRONIC INDUSTRIA E COMERCIO LTDA | F12: 22
B13: Nº materiais (UN) | D13: Equipo Bomba Normal Santronic - EQUIPO PARA BOMBA DE INFUSÃO SAMTRONIC S/FILTRO EI 0421 0000 | E13: SAMTRONIC INDUSTRIA E COMERCIO LTDA | F13: 21
A14: Materiais vencidos | B14: 34 | D14: F.VICRYL 1 C/A J535H | E14: JOHNSON | F14: 40.73
A15: Materiais em estoque total | B15: 188075 | D15: GAZE 10X10 13FIOS C/10UNID ESTERIL | E15: CREMER | F15: 1.99
A17: Mat. Hosp. adquiridos que não pertencem à padronização do hospital
A18: Considerar a somatória dos quantitativos de todos os materiais
B19: Nº materiais
A20: Materiais adquiridos não padronizados | B20: 0
A21: Materiais adquiridos padronizados total | B21: 240

Sheet Financeiro
A1: Planilha - Financeira Mensal
A3: UNIDADE
A4: =Assistencial!B3 -> HOSPITAL REGIONAL TEREZINHA GAIO BASSO
A6: Mês/Ano:
A7: =Assistencial!B4 -> 45931
A9: DESCRIÇÃO | B9: =A7 -> 45931
A10: RECEITAS OPERACIONAIS | B10: R$
A11: Repasse Contrato de Gestão (Valor de custeio bruto) | B11: 5561424
A12: Repasse Contrato de Gestão - Retenção de Investimento (caso ocorra) | B12: 0
A13: Repasse Programas Especiais | B13: 0
A14: Desconto (Meta Não Atingida) | B14: 0
A15: Glosa de Recurso (Desconto) | B15: 0
A16: TOTAL REPASSES (Receita Líquida recebida da SES) | B16: =B11+B12+B13-B14-B15 -> 5561424
A17: Resultado de Aplicação Financeira | B17: 203101.94
A18: Reembolso de Despesas | B18: 0
A19: Obtenção de Recursos Externos a SES | B19: 0
A20: Demais Receitas (Convênios) | B20: 0
A21: Receitas Extras | B21: =350+176194.37+24272+97135 -> 297951.37
A22: Outras Receitas | B22: 8965
A23: TOTAL OUTRAS RECEITAS | B23: =SUM(B17:B22) -> 510018.31
A24: TOTAL DE RECEITAS OPERACIONAIS | B24: =B23+B16 -> 6071442.3
A26: =A9 -> DESCRIÇÃO | B26: =B9 -> 45931
A27: DESPESAS OPERACIONAIS | B27: R$
A28: 1. Pessoal | B28: =SUM(B30:B39) -> 2278992.8
A29: 1.1. Ordenados (Não inclui férias, 13º e Rescisão) | B29: =SUM(B30:B31) -> 1749231.1
A30: 1.1.1. Assistencial | B30: =1739499.5-16847.14+26578.74 -> 1749231.1
A31: 1.1.2. Administrativo | B31: 0
A32: 1.2. INSS do Empregador | B32: 0
A33: 1.3. FGTS | B33: =190996.66-14940.89 -> 176055.77
A34: 1.4. PIS | B34: 0
A35: 1.5. Benefícios | B35: 0
A36: 1.6. Provisões (Férias) - Retenções | B36: =221831.09-7734 -> 214097.09
A37: 1.7. Provisões (13º sal) - Retenções | B37: =150993.75-10869.71 -> 140124.04
A38: 1.8. Provisões (Rescisões) - Retenções | B38: =3941.78-4456.94 -> -515.16
A39: 1.9. Despesas Judiciais Trabalhistas | B39: 0
A40: 2. Insumos Assistenciais | B40: =SUM(B41:B45) -> 985599.97
A41: 2.1. Materiais Descartáveis | B41: =61833.67-0.03+216997.13-142.99+27374.23 -> 306062.01
A42: 2.2. Medicamentos | B42: =362074.38-294.59+239361.99-B43 -> 559232.06
A43: 2.3. Dietas Industrializadas | B43: 41909.72
A44: 2.4. Gases Medicinais | B44: 20220.1
A45: 2.5. OPME (Orteses, Próteses e Materiais Especiais) | B45: 58176.08
A46: 3. Materiais/Consumos Diversos | B46: =SUM(B47:B54) -> 349760.27
A47: 3.1. Material de Higienização e Limpeza | B47: =40497.06+12922.23 -> 53419.29
A48: 3.2. Material/Gêneros Alimentícios | B48: 119209.5
A49: 3.3. Material Expediente | B49: =29441.35-0.04 -> 29441.31
A50: 3.4. Combustível | B50: 32994.03
A51: 3.5. GLP | B51: 4562.29
A52: 3.6. Material de Manutenção | B52: 45347.64
A53: 3.7. Outras Despesas com Materiais Diversos | B53: =64855.12-68.91 -> 64786.21
A54: 3.8 EPI | B54: 0
A55: 4. Seguros/Tributos/Despesas Bancárias | B55: =SUM(B56:B58) -> 1536.76
A56: 4.1. Seguros (Imóvel e veículos) | B56: 1227.67
A57: 4.2. Tributos (Impostos e Taxas) | B57: 309.09
A58: 4.3. Despesas Bancárias (Juros/Taxas) | B58: 0
A59: 5. Gerais | B59: =SUM(B60:B64) -> 328488.77
A60: 5.1. Telefonia/Internet | B60: 2550.5
A61: 5.2. Água | B61: 9095.47
A62: 5.3. Energia Elétrica | B62: 63358.24
A63: 5.4. Alugueis | B63: =7753.1+5698.09 -> 13451.19
A64: 5.5. Outras Despesas Gerais | B64: =106233.5+125429.53-1.57+775.32-751.49+1709.71+648+3500+790.37+1700 -> 240033.37
A65: 6. Serviços Terceirizados | B65: =B66+B71+B75 -> 2430053.2
A66: 6.1. Assistenciais | B66: =SUM(B67:B70) -> 2116000.5
A67: 6.1.1. Pessoa Jurídica | B67: =1855290.31+13410.02+247300.19 -> 2116000.5
A68: 6.1.2. Pessoa Física | B68: 0
A69: 6.1.3. Cooperativas | B69: 0
A70: 6.1.4. Encargos | B70: 0
A71: 6.2. Administrativos | B71: =SUM(B72:B74) -> 220446.17
A72: 6.2.1. Pessoa Jurídica | B72: =139460.08+25302.93+55683.16 -> 220446.17
A73: 6.2.2. Pessoa Física | B73: 0
A74: 6.2.3. Encargos | B74: 0
A75: 6.3. Contratos de Manutenção | B75: =SUM(B76:B77) -> 93606.54
A76: 6.3.1. Pessoa Jurídica | B76: 93606.54
A77: 6.3.2. Pessoa Física | B77: 0
A78: TOTAL DE DESPESAS OPERACIONAIS | B78: =B28+B40+B46+B55+B59+B65 -> 6374431.8
A79: RESULTADO (DÉFICIT/SUPERÁVIT) | B79: =B24-B78 -> -302989.57
A81: 7.Investimentos | B81: =SUM(B82:B85) -> 0
A82: 7.1. Equipamentos | B82: 0
A83: 7.2. Móveis e utensílios | B83: 0
A84: 7.3. Obras e Construções | B84: 0
A85: 7.4. Veículos | B85: 0
A88: DISPONIBILIDADE DE RECURSOS
A89: DESCRIÇÃO | B89: =A7 -> 45931
A90: SALDO INICIAL (1) | B90: 0
A91: DÉBITOS (2) | B91: 0
A92: CRÉDITOS (3) | B92: 0
A93: SALDO FINAL (4 = 1-2+3) | B93: =B90-B91+B92 -> 0
A95: CONTA CORRENTE
A96: DESCRIÇÃO | B96: =B9 -> 45931
A97: SALDO INICIAL (1) | B97: 0
A98: DÉBITOS (2) | B98: 11397227
A99: CRÉDITOS (3) | B99: 11397227
A100: DÉBITO - DEVOLUÇÃO DE EMPRÉSTIMOS (4) | B100: 0
A101: CRÉDITO - EMPRÉSTIMOS (5) | B101: 0
A102: SALDO FINAL (4 = 1-2+3-4+5) | B102: =B97-B98+B99-B100+B101 -> 0
A104: CONTA INVESTIMENTOS
A105: DESCRIÇÃO | B105: =A7 -> 45931
A106: SALDO INICIAL (1) | B106: 21279819
A107: DÉBITOS (2) | B107: =5729947.66+24272 -> 5754219.7
A108: CRÉDITOS (3) | B108: =5877572.48+205116.77-B109 -> 5879587.3
A109: RENDIMENTO APLICAÇÕES (4) | B109: 203101.94
...
